 Dungeon Crawl Stone Soup version 0.28-a0-653-g7e9dba17c3 (webtiles) character file.

Game seed: 464692449466435452

46 KoroneIsBestGirl the Chiller (level 3, -6/24 HPs)
             Began as a Barachi Ice Elementalist on Oct 11, 2021.
             Mangled by Terence (8 damage)
             ... on level 2 of the Dungeon.
             The game lasted 00:04:43 (1677 turns).

KoroneIsBestGirl the Chiller (BaIE)                 Turns: 1677, Time: 00:04:44

Health: -6/24      AC:  2    Str:  9    XL:     3   Next: 68%
Magic:  4/7        EV: 12    Int: 16    God:
Gold:   62         SH:  0    Dex: 12    Spells: 6/7 levels left

rFire   . . .      SeeInvis .   b - +0 dagger
rCold   . . .      Faith    .   (no shield)
rNeg    . . .      Spirit   .   a - +0 robe
rPois   .          Reflect  .   (no helmet)
rElec   .          Harm     .   (no cloak)
rCorr   .          Rampage  .   (no gloves)
Will    .....                   (no boots)
Stlth   ++........              (no amulet)
HPRegen 0.08/turn               (no ring)
MPRegen 0.10/turn               (no ring)

@: unable to hop, slow
A: amphibious, slowness 1, strong legs 1, +LOS
a: Hop


You were on level 2 of the Dungeon.
You visited 1 branch of the dungeon, and saw 2 of its levels.

You collected 62 gold pieces.

Inventory:

Hand Weapons
 b - a +0 dagger (weapon)
Armour
 a - a +0 robe (worn)
Scrolls
 c - a scroll of teleportation {unknown}
Potions
 d - a potion of attraction {unknown}


   Skills:
 + Level 2.8 Dodging
 - Level 1.8 Stealth
 + Level 2.8 Spellcasting
 + Level 5.5 Ice Magic


You had 6 spell levels left.
You knew the following spells:

 Your Spells              Type           Power      Damage    Failure   Level
a - Freeze                Ice            80%        1d9       1%          1

Your spell library contained the following spells:

 Spells                   Type           Power      Damage    Failure   Level
 Frozen Ramparts          Ice            40%        1d6       6%          3
 Ozocubu's Armour         Ice            20%        N/A       6%          3
 Hailstorm                Conj/Ice       11%        3d5       52%         4


Dungeon Overview and Level Annotations

Branches:
Dungeon (2/15)

Altars:

Annotations:
D:2 Terence


Innate Abilities, Weirdness & Mutations

You are amphibious.
You cover ground slowly.
You can hop short distances.
You have an extended range of vision and can be seen from far away.


Message History

Terence hits you from afar with a +0 trident.
Found a scroll labelled ILAYFA XAWU.
The bat hits you but does no damage.
Found 18 gold pieces.
The bat barely misses you.
Terence hits you from afar with a +0 trident.
The bat misses you.
Terence hits you from afar with a +0 trident.
Found a ring mail.
The bat misses you.
Hop to where?
Press: ? - help, Dir - move target Boing!
The bat closely misses you.
Casting: Freeze (safe; 1% risk of failure)
Confirm with . or Enter, or press ? or * to list all spells.
Aiming: Freeze (safe; 1% risk of failure)
Press: ? - help, Shift-Dir - straight line, f - bat
Aim: a bat You freeze the bat.
The bat is severely wounded.
The bat hits you but does no damage. The bat misses you.
The bat hits you but does no damage. The bat hits you.
* * * LOW HITPOINT WARNING * * *
The bat closely misses you. The bat closely misses you.
The endoplasm freezes you.
You are frozen.
* * * LOW HITPOINT WARNING * * *
You see here a bat corpse.
The bat hits you.
* * * LOW HITPOINT WARNING * * *
A worm comes into view.
The bat hits you but does no damage.
You hit the bat but do no damage. The bat hits you but does no damage.
The endoplasm barely misses you.
You hit the bat.
The bat is heavily wounded.
The bat hits you but does no damage. The endoplasm hits you.
* * * LOW HITPOINT WARNING * * *
Terence hits you from afar with a +0 trident!
You die...

...(#....##@.# #.........#
.............# #.........#
....?....?#### ##.##.....#
.##.#####.#######.# ....#
#..........# ....
..##.####.#.######@# ...
#..........#.# #.# ..
#..##.####.#.######g###+##..
...............b@J@..w......
#..##..###.##.###.#.####.##.
....................#
#..##.............###
...##..###.###.##.#
...##......†.).##.#
.........#.###.##.#
##.##..###.# ##.# ...##..#
### #.#


You could see Terence, a worm, an endoplasm, a hobgoblin and a bat.

Vanquished Creatures
  An adder (D:2)
  3 dart slugs (D:1)
  A bat (D:2)
  2 giant cockroaches (D:1)
  6 goblins (D:1)
  5 hobgoblins
  A kobold (D:2)
  A quokka (D:1)
  2 ball pythons (D:1)
  4 frilled lizards
  3 rats (D:1)
29 creatures vanquished.

Notes
Turn   | Place    | Note
-------+----------+-------------------------------------------
     0 | D:1      | KoroneIsBestGirl the Barachi Ice Elementalist began the
                  | quest for the Orb.
     0 | D:1      | Reached XP level 1. HP: 13/13 MP: 3/3
    37 | D:1      | Reached skill level 5 in Ice Magic
   301 | D:1      | Reached XP level 2. HP: 4/19 MP: 0/5
  1117 | D:1      | Reached XP level 3. HP: 22/24 MP: 1/6
  1642 | D:2      | Noticed Terence
  1657 | D:2      | Found a faded altar of an unknown god.
  1677 | D:2      | Mangled by Terence

Illustrated notes

Levels and vault maps discovered:
D:1:      dpeg_arrival_windows_large_door, layout_rooms
D:2:      layout_basic, hellmonk_ecumenical_altar_lost_god, uniq_terence

Skill      XL: |  1 |
---------------+----+-----
Ice Magic      | 5 |  5.5
Dodging        | |  2.8
Stealth        | |  1.8
Spellcasting   | |  2.8

Action                   || total
-------------------------++-------
Melee: Unarmed           ||     2
       Dagger            ||    20
 Cast: Freeze            ||    52
 Abil: Hop               ||     2
Armor: Robe              ||    13
Dodge: Dodged            ||    56

Table legend: (Time is in decaauts)
 A = Elapsed time spent in this place.
 B = Non-inter-level travel time spent in this place.
 C = Inter-level travel time spent in this place.
 D = Time resting spent in this place.
 E = Time spent auto-exploring this place.
 F = Levels seen in this place.
 G = Mean time per level.
                   A        B        C        D        E       F      G
               +--------+--------+--------+--------+--------+-----+--------+
         Total |   1795 |   1699 |     96 |      0 |   1401 |   2 |  897.5 |
       Dungeon |   1795 |   1699 |     96 |      0 |   1401 |   2 |  897.5 |
               +--------+--------+--------+--------+--------+-----+--------+

Top non-repeatable levels by time:
     D:1: 1652 daAuts
     D:2: 143 daAuts
